 Dungeon Crawl Stone Soup version 0.15-a0-413-gc6111ba (webtiles) character file.

2584 Leibowitz the Skirmisher (level 8, 0/71 HPs)
             Began as a Demigod Fighter on May 4, 2014.
             Killed from afar by Eustachio (21 damage)
             ... with a wand of cold
             ... on Level 7 of the Dungeon.
             The game lasted 00:26:17 (7112 turns).

Leibowitz the Skirmisher (Demigod Fighter)          Turns: 7112, Time: 00:26:17

HP   0/71        AC 18     Str 27      XL: 8   Next: 99%
MP  14/14        EV  5     Int 13      God:
Gold 260         SH 22     Dex 13 (15) Spells:  0 memorised,  7 levels left

rFire  . . .     SeeInvis .     a - +0 war axe
rCold  . . .     Clarity  +     G - +0 plate armour
rNeg   . . .     Conserve .     q - +0 shield {AC+3}
rPois  .         rCorr    .     z - +1 helmet
rElec  .         rRot     .     (no cloak)
SustAb . .       Spirit   .     (no gloves)
rMut   .         Warding  .     o - +0 pair of boots
Saprov . . .     Stasis   .     (no amulet)
MR     .....                    (no ring)
                                (no ring)

@: mighty, lethally poisoned, not resistant to hostile enchantments, extremely
unstealthy
A: clarity, dopey 1
a: no special abilities


You were on level 7 of the Dungeon.
You were hungry.

You visited 1 branch of the dungeon, and saw 7 of its levels.

You collected 260 gold pieces.

Inventory:

Hand weapons
 a - a +0,+0 war axe (weapon)
 b - a +0 blowgun
 v - the +3,-1 short sword "Zeunevuag" {drain, +Fly rElec rPois rN+ Int+1}
   (You found it on level 5 of the Dungeon)

   A truly terrible weapon, it drains the life of those it strikes.
   It affects your intelligence (+1).
   It insulates you from electricity.
   It protects you from poison.
   It protects you from negative energy.
   It lets you fly.
Missiles
 E - 27 poisoned needles
Armour
 o - a +0 pair of boots (worn)
 q - a +0 shield of protection (worn)
 z - a +1 helmet (worn)
 G - a +0 plate armour (worn)
Magical devices
 h - a wand of digging (21)
 r - a wand of magic darts (1)
 w - a wand of enslavement (8)
 y - a wand of cold (9)
Comestibles
 c - an apple
 d - 7 bread rations
 k - a sausage
 p - a meat ration
 s - 10 grapes
 t - a pear
 A - a rotting chunk of giant frog flesh
 D - 8 sultanas
 H - a rotting chunk of bat flesh
Scrolls
 f - 3 scrolls of fog
 g - 4 scrolls of remove curse
 i - a scroll of amnesia
 l - 6 scrolls of teleportation
 n - a scroll of blinking
 x - 2 scrolls of magic mapping
 B - a scroll of enchant weapon II
 C - 3 scrolls of identify
 F - a scroll of fear
Potions
 j - 4 potions of curing
 m - a potion of heal wounds
 u - 2 potions of restore abilities


   Skills:
 * Level 6.3 Fighting
 + Level 5.0 Axes
 + Level 5.1 Armour
 + Level 4.5 Dodging
 + Level 5.8 Shields
 + Level 1.0 Evocations


You had 7 spell levels left.
You didn't know any spells.

Dungeon Overview and Level Annotations

Branches:
Dungeon (7/15)             Temple (0/1) D:5

Annotations:
D:7 Eustachio


Innate Abilities, Weirdness & Mutations

You possess an exceptional clarity of mind.
You are dopey. (Int -2)


Message History

The white imp gestures at you. The puff of frost hits you!
* * * LOW HITPOINT WARNING * * *
You slash Eustachio!
Eustachio is heavily wounded.
Eustachio casts a spell.
You block the white imp's attack. Eustachio barely misses you.
You slash the crimson imp!
The crimson imp is almost dead.
You slash Eustachio!
Eustachio is severely wounded.
You feel sick. You block the white imp's attack.
The crimson imp hits you but does no damage.
Eustachio mumbles some strange words.
Eustachio blinks!
You block the white imp's attack.
The crimson imp hits you but does no damage.
Eustachio zaps a wand.
The bolt of cold hits you!
One of your 5 potions of curing freezes and shatters!
You die...

## ####.# ......# #### .#..
#......##..#...... ##.
#..5.5...#.# ... ##..@.....#
###..# #...###.## ... ##....
#...@# .#........
###....###.....# ..#......##
###?.............. ..............
.................................
.@....<..........................
.............(...................
.............. ...............#


You could see Eustachio, a crimson imp and a white imp.

Vanquished Creatures
  The ghost of nickanc the Ruinous, an average OpWz of Sif Muna (D:5)
  Edmund (D:5)
  An orc warrior (D:5)
  A phantom (D:7)
  A centaur (D:6)
  3 sky beasts
  2 ogres
  A crocodile (D:5)
  4 giant frogs
  A killer bee (D:7)
  A goliath beetle (D:6)
  A quasit (D:6)
  2 crimson imps (D:5)
  An orc priest (D:6)
  A hound (D:5)
  4 iguanas
  2 jellies (D:6)
  4 worker ants
  6 orc wizards
  A killer bee zombie (D:5)
  12 adders
  6 gnolls
  2 scorpion zombies
  A worm zombie (D:5)
  2 giant mites (D:4)
  An inept feature mimic (D:3)
  3 worms
  An adder skeleton (D:4)
  An iguana skeleton (D:6)
  A giant eyeball (D:4)
  6 giant geckos
  2 oozes
  18 orcs
  A ball python (D:2)
  13 bats
  A bat skeleton (D:7)
  5 giant cockroaches
  14 goblins
  10 hobgoblins
  4 quokkas
  3 jackals (D:3)
  A jackal zombie (D:5)
  15 kobolds
  A kobold zombie (D:7)
  21 rats
  2 rat skeletons (D:6)
186 creatures vanquished.

Notes
Turn   | Place    | Note
--------------------------------------------------------------
     0 | D:1      | Leibowitz, the Demigod Fighter, began the quest for the Orb.
     0 | D:1      | Reached XP level 1. HP: 18/18 MP: 2/2
   234 | D:1      | Reached XP level 2. HP: 25/25 MP: 3/3
   292 | D:1      | Reached skill level 3 in Fighting
   655 | D:2      | Reached XP level 3. HP: 13/31 MP: 5/5
  1584 | D:3      | Reached XP level 4. HP: 31/38 MP: 7/7
  1589 | D:3      | Reached skill level 1 in Dodging
  2406 | D:3      | Reached XP level 5. HP: 37/46 MP: 8/8
  2834 | D:4      | Paralysed by a giant eyeball for 2 turns
  3367 | D:4      | Reached skill level 4 in Fighting
  3394 | D:4      | Reached XP level 6. HP: 46/52 MP: 10/10
  3658 | D:4      | Gained mutation: You possess an exceptional clarity of mind. [potion of beneficial mutation]
  3826 | D:5      | Entered Level 5 of the Dungeon
  4104 | D:5      | Found a deep blue altar of Sif Muna.
  4108 | D:5      | Noticed nickanc's ghost (average OpWz)
  4127 | D:5      | Killed nickanc's ghost
  4127 | D:5      | Reached XP level 7. HP: 49/60 MP: 12/12
  4129 | D:5      | Found an ancient bone altar of Kikubaaqudgha.
  4130 | D:5      | Found a radiant altar of Vehumet.
  4133 | D:5      | Found a bloodstained altar of Trog.
  4135 | D:5      | Found a shattered altar of Ashenzari.
  4193 | D:5      | Noticed Edmund
  4205 | D:5      | Reached skill level 5 in Fighting
  4244 | D:5      | Killed Edmund
  4509 | D:5      | Got a dazzling short sword
  4510 | D:5      | Identified the cursed +3,-1 short sword "Zeunevuag" {drain, +Fly rElec rPois rN+ Int+1} (You found it on level 5 of the Dungeon)
  4554 | D:5      | Found a basalt altar of Yredelemnul.
  4775 | D:5      | Found a staircase to the Ecumenical Temple.
  5050 | D:5      | HP: 3/61 [orc warrior/battleaxe (8)]
  5056 | D:5      | Reached skill level 5 in Shields
  5056 | D:5      | Reached XP level 8. HP: 35/69 MP: 13/13
  5858 | D:6      | Found a glowing golden altar of the Shining One.
  5893 | D:6      | Reached skill level 5 in Armour
  5951 | D:6      | Reached skill level 6 in Fighting
  6152 | D:6      | Gained mutation: You are dopey. (Int -2) [potion of mutation]
  6412 | D:6      | Paralysed by a potion of paralysis for 2 turns
  6601 | D:7      | Noticed Eustachio
  6718 | D:7      | Reached skill level 1 in Evocations
  6875 | D:7      | Reached skill level 5 in Axes
  7107 | D:7      | HP: 3/71 [Eustachio/wand of cold (20)]
  7112 | D:7      | Killed from afar by Eustachio

Action                   |  1- 3 |  4- 6 |  7- 9 || total
-------------------------+-------+-------+-------++-------
Melee: War axe           |   124 |   273 |   318 ||   715
 Fire: Blowgun           |       |     3 |    45 ||    48
Evoke: Wand              |     3 |     4 |    11 ||    18
  Use: Potion            |     1 |    13 |     7 ||    21
       Scroll            |       |    11 |     2 ||    13
